Map: Interloper LE

Players

Nice - Winner!

  • Race: Protoss Protoss
  • Spawn Location: 5:00

jheffe

  • Race: Terran Terran
  • Spawn Location: 11:00

Event: WCS Montreal 2017

VOD

Have the link to the VOD?

Description

Time

  • Played on: Sept. 8, 2017, 12:31 p.m.
  • Length: 5:45

All games in this series

Show
View Real Time Build Order
Export as new Build Order

Nice Protoss - Winner!

Build Orders: Oracle Opening 

Get SALT Encoding   

  12  0:10  Pylon  
  12  0:13  Probe (Chrono Boost)  
  13  0:28  Gateway  
  13  0:30  Probe (Chrono Boost)  
  14  0:38  Assimilator  
  14  0:42  Probe (Chrono Boost)  
  15  0:46  Assimilator  
  15  0:52  Probe (Chrono Boost)  
  16  1:03  Probe (Chrono Boost)  
  17  1:15  Cybernetics Core  
  17  1:22  Pylon  
  18  1:25  Probe (Chrono Boost)  
  18  1:36  Probe (Chrono Boost)  
  20  1:47  Probe (Chrono Boost)  
  20  1:51  Stargate  
  20  1:59  Mothership Core (Chrono Boost)  
  22  2:08  Adept (Chrono Boost)  
  24  2:13  Warp Gate  
  24  2:20  Probe  
  25  2:29  Pylon  
  25  2:35  Oracle (Chrono Boost)  
  29  2:46  Pylon  
  27  2:55  Probe  
  28  3:07  Probe, Oracle (Chrono Boost)  
  32  3:38  Oracle (Chrono Boost)  
  32  3:41  Probe  
  32  3:44  Gateway x2  
  32  3:45  Pylon  
  33  4:09  Oracle (Chrono Boost)  
  36  4:28  Pylon  
  36  4:42  Stalker x2  
  36  4:43  Stalker  
  42  4:49  Probe  
  43  4:55  Pylon  
  43  4:56  Pylon  
  43  5:01  Pylon  
  43  5:11  Stalker x2  
  43  5:12  Stalker  
  48  5:18  Pylon  
  46  5:40  Stalker x2  
  42  5:43  Zealot  
Show
View Real Time Build Order
Export as new Build Order

jheffe Terran 

Build Orders: Cyclone Opening, Reaper Expand 

Get SALT Encoding   

  12  0:05  SCV  
  13  0:17  SCV  
  13  0:20  Supply Depot  
  14  0:29  SCV  
  15  0:42  SCV  
  16  0:43  Barracks  
  16  0:47  Refinery  
  16  0:54  SCV  
  17  1:06  SCV  
  19  1:18  SCV  
  19  1:30  Reaper  
  19  1:31  Orbital Command  
  20  1:44  Command Center  
  20  1:54  Supply Depot  
  20  2:02  Marine  
  21  2:11  Factory  
  21  2:20  Marine, SCV  
  23  2:31  Bunker  
  23  2:33  Engineering Bay  
  23  2:38  Marine  
  23  2:41  SCV  
  25  2:44  Refinery  
  25  2:55  Marine  
  25  2:56  Cyclone  
  29  3:04  Missile Turret  
  29  3:12  SCV  
  25  3:23  Marine  
  19  3:47  Widow Mine  
  21  3:48  Marine  
  21  3:55  SCV  
  22  3:58  Missile Turret  
  22  3:59  SCV  
  22  4:07  SCV  
  23  4:11  SCV  
  20  4:19  SCV  
  18  4:28  Refinery x2  
  19  4:34  Orbital Command  
  19  4:37  Barracks Reactor  
  18  4:40  SCV  
  19  4:53  SCV  
  20  5:02  Factory Tech Lab  
  20  5:05  SCV  
  20  5:10  SCV  
  20  5:13  Marine x2  
  21  5:17  SCV  
  22  5:22  SCV  
Tags
 
Add a new tag
Caveats
  • Supply blocks, unpowered buildings, or Contaminate may cause inaccurate times.
  • Supply counts are checked every 10 seconds.